 Dungeon Crawl Stone Soup version 0.18.1-5-g4a78601 (webtiles) character file.

62071 Enish the Spry (level 15, -1/91 HPs)
             Began as a Tengu Transmuter on May 12, 2016.
             Was an Initiate of Gozag.
             Slain by a red devil
             ... wielding a +0 trident
             ... summoned by an orc sorcerer
             ... led by an orc warlord
              (3 damage)
             ... while paralysed by an orc sorcerer
             ... on level 1 of the Orcish Mines.
             The game lasted 03:08:35 (33691 turns).

Enish the Spry (Tengu Transmuter)                  Turns: 33691, Time: 03:08:36

Health: -1/91      AC: 15    Str: 13    XL:     15   Next: 5%
Magic:  19/20      EV:  2    Int: 18    God:    Gozag
Gold:   339        SH:  0    Dex: 27    Spells: 3 memorised, 15 levels left

rFire  + . .     SeeInvis +       - Unarmed
rCold  . . .     Gourm    .     Y - +1 leather armour of Sygguxt {Dex+4} (curse)
rNeg   . . .     Faith    .     m - +3 buckler {AC+3}
rPois  .         Spirit   .     (helmet restricted)
rElec  .         Dismiss  .     X - +0 cloak of Temmal {Dex+4}
rCorr  .         Reflect  .     K - +0 pair of gloves "Beyrail" {rF+ Str+2}
SustAt .         Harm     .     (boots unavailable)
MR     +....                    l - amulet of regeneration
Stlth  ++........               t - ring of Moodiness {EV+4 Int+2}
                                F - ring of see invisible

@: paralysed, flying quickly and evasively, quick, somewhat resistant to hostile
enchantments, unstealthy
A: beak, talons 3, rough black scales 1, agile 1, blink, able to fly 2
a: Stop Flying, Blink, Potion Petition, Call Merchant, Bribe Branch, Renounce
Religion


You were on level 1 of the Orcish Mines.
You worshipped Gozag.
Gozag was noncommittal.
You were not hungry.

You visited 4 branches of the dungeon, and saw 24 of its levels.

You collected 7640 gold pieces.
You spent 2865 gold pieces at shops.
You paid 4436 gold pieces to Gozag.

Inventory:

Hand Weapons
 b - a +7 whip of draining
 C - a +0 blowgun
 E - a +2 double sword of holy wrath
 J - a +4 hunting sling of velocity
 O - a +0 war axe of flaming
Missiles
 e - 4 javelins (quivered)
 f - 64 poisoned needles
 y - 81 sling bullets
 G - 3 needles of confusion
 P - 4 throwing nets
Armour
 m - a +3 buckler of protection (worn)
 K - the +0 pair of gloves "Beyrail" (worn) {rF+ Str+2}
   (You bought it in a shop on level 3 of the Lair of Beasts)

   It affects your strength (+2).
   It protects you from fire.
 X - the +0 cloak of Temmal (worn) {Dex+4}
   (You bought it in a shop on level 1 of the Orcish Mines)

   It affects your dexterity (+4).
 Y - the cursed +1 leather armour of Sygguxt (worn) {Dex+4}
   (You bought it in a shop on level 1 of the Orcish Mines)

   It affects your dexterity (+4).
   It has a curse placed upon it.
Jewellery
 l - an amulet of regeneration (around neck)
 t - the ring of Moodiness (right hand) {EV+4 Int+2}
   (You bought it in a shop on level 1 of the Orcish Mines)

   [ring of evasion]

   It affects your evasion (+4).
   It affects your intelligence (+2).
 D - an uncursed ring of ice
 F - a ring of see invisible (left hand)
 S - an uncursed amulet of dismissal
Wands
 v - a wand of iceblast (0/15)
 x - a wand of confusion (25/48)
 B - a wand of disintegration (8/24)
 R - a wand of disintegration (18/24)
 W - a wand of flame (17/48)
Scrolls
 g - 2 scrolls of enchant armour
 k - 8 scrolls of remove curse
 o - a scroll of recharging
 u - 3 scrolls of amnesia
 z - 4 scrolls of fog
 U - 2 scrolls of teleportation
Potions
 a - a potion of heal wounds
 h - a potion of berserk rage {unknown}
 i - a potion of lignification
 j - a potion of agility
 n - 2 potions of mutation
 p - 4 potions of curing
 q - 2 potions of cure mutation
 r - a potion of brilliance
 w - a potion of might
 I - 5 potions of flight
 L - 2 potions of cancellation {unknown}
 M - a potion of resistance {unknown}
 T - a potion of haste
Books
 c - a book of Changes

   Spells                             Type                      Level
   a - Beastly Appendage              Transmutation                1
   b - Sticks to Snakes               Transmutation                2
   c - Spider Form                    Transmutation/Poison         3
   d - Ice Form                       Ice/Transmutation            4
   e - Blade Hands                    Transmutation                5
 s - a book of Alchemy

   Spells                             Type                      Level
   a - Sublimation of Blood           Necromancy                   2
   b - Ignite Poison                  Fire/Transmutation/Poison    3
   c - Petrify                        Transmutation/Earth          4
   d - Alistair's Intoxication        Transmutation/Poison         5
   e - Irradiate                      Conjuration/Transmutation    5
 A - a book of Misfortune

   Spells                             Type                      Level
   a - Confusing Touch                Hexes                        2
   b - Confuse                        Hexes                        3
   c - Gell's Gravitas                Hexes/Translocation          3
   d - Petrify                        Transmutation/Earth          4
   e - Metabolic Englaciation         Hexes/Ice                    5
   f - Yara's Violent Unravelling     Hexes/Transmutation          5
 H - a book of Beasts

   Spells                             Type                      Level
   a - Summon Butterflies             Summoning                    1
   b - Call Canine Familiar           Summoning                    3
   c - Summon Ice Beast               Ice/Summoning                4
   d - Summon Mana Viper              Hexes/Summoning              5
   e - Summon Hydra                   Summoning                    7
 N - a book of Maledictions

   Spells                             Type                      Level
   a - Corona                         Hexes                        1
   b - Ensorcelled Hibernation        Hexes/Ice                    2
   c - Confuse                        Hexes                        3
   d - Tukima's Dance                 Hexes                        3
   e - Dazzling Spray                 Conjuration/Hexes            3
 V - a Grand Grimoire

   Spells                             Type                      Level
   a - Monstrous Menagerie            Summoning                    7
   b - Summon Greater Demon           Summoning                    7
   c - Malign Gateway                 Summoning/Translocation      7
   d - Summon Horrible Things         Summoning                    8
 Z - a Necronomicon

   Spells                             Type                      Level
   a - Haunt                          Necromancy/Summoning         7
   b - Borgnjor's Revivification      Necromancy                   8
   c - Death's Door                   Charms/Necromancy            8
   d - Necromutation                  Transmutation/Necromancy     8
Comestibles
 d - 4 bread rations


   Skills:
 * Level 9.4 Fighting
 - Level 12.0 Maces & Flails
 - Level 6.0 Slings
 - Level 10.5 Armour
 - Level 17.6 Dodging
 - Level 4.1 Shields
 - Level 6.1 Unarmed Combat
 - Level 3.0 Spellcasting
 - Level 2.5 Hexes
 - Level 1.5 Transmutations


You had 15 spell levels left.
You knew the following spells:

 Your Spells              Type           Power        Failure   Level  Hunger
a - Beastly Appendage     Trmt           #.....       12%         1    None
b - Confusing Touch       Hex            ##....       12%         2    ##.....
c - Sticks to Snakes      Trmt           #.......     17%         2    ##.....


Dungeon Overview and Level Annotations

Branches:
Dungeon (13/15)            Temple (1/1) D:5            Lair (8/8) D:9
  Swamp (0/4) Lair:4       Spider (0/4) Lair:4        Slime (0/6) Lair:7
    Orc (2/2) D:9             Elf (0/3) Orc:2
 Vaults: D:13-14

Altars:
Ashenzari
Cheibriados
Dithmenos
Elyvilon
Fedhas
Gozag
Kikubaaqudgha
Makhleb
Nemelex Xobeh
Okawaru
Pakellas
Qazlal
Ru
Sif Muna
Trog
Vehumet
Xom
Yredelemnul
Zin
The Shining One
Beogh
Jiyva

Shops:
D:8 (   D:10 (   Orc:1 [=*   Orc:2 :(   Lair:3 [

Portals:
Trove: D:12 (give potion of experience)

Annotations:
D:7 exclusion: upstairs
D:11 1 runed door
D:12 exclusion: downstairs
Lair:1 exclusion: upstairs, Gottschkopf's ghost, journeyman DrTm
Lair:2 exclusion: 2 downstairs
Lair:4 exclusion: 2 upstairs
Lair:6 exclusions: downstairs and 2 more exclusions
Lair:7 exclusion: downstairs


Innate Abilities, Weirdness & Mutations

You have a beak for a mouth.
You have claws for feet.
You can fly continuously.
You are partially covered in rough black scales (AC +4, Dex -1).
You are agile. (Dex +2)
You can translocate small distances at will.


Message History

The red devil completely misses you.
The orc warlord hits you with a battleaxe!!
The orc sorcerer hits you with an enchanted dagger.
* * * LOW HITPOINT WARNING * * *
Your hands stop glowing.
The orc sorcerer hits you but does no damage.
The red devil hits you from afar with a trident!
* * * LOW HITPOINT WARNING * * *
The orc warlord hits you with a battleaxe!
* * * LOW HITPOINT WARNING * * *
The orc sorcerer hits you but does no damage.
The red devil hits you from afar with a trident.
* * * LOW HITPOINT WARNING * * *
The orc warlord hits you with a battleaxe.
* * * LOW HITPOINT WARNING * * *
The orc sorcerer hits you but does no damage.
Your horns disappear.
The red devil hits you from afar with a trident.
You die...
Your body crumbles into a pile of gold.

#............##..........#
##..................#..#.###
#......#...................#
##.....##...........#..#....
##......................##.#
###....#.................#####
##.##........4.............#
#....##......[.o...........#
##...........o@...........##
###.#.................).## #
#.......................#####
######.#....#..................#.
#.#.#.##.....#......[[#..........
.......#..................#......
.........∩..........#............
...##............................
.#####...........................


You could see an orc warlord, an orc sorcerer and a red devil.

Vanquished Creatures
  Donald (Orc:2)
  Maud (Lair:7)
  Erolcha (D:9)
  Snorg (Lair:3)
  An ice dragon (Lair:8)
  3 hydras
  Harold (Lair:1)
  A catoblepas (Lair:7)
  The ghost of Kiel97 the Martial Artist, a novice HuMo of Elyvilon (D:10)
  Urug (Lair:3)
  2 unseen horrors
  Pikel (D:6)
  A hill giant (D:8)
  2 griffons (Lair:8)
  5 elephants (Lair:7)
  A centaur zombie (D:10)
  A manticore (D:11)
  7 black mambas
  A torpor snail (Lair:3)
  A centaur skeleton (D:10)
  19 spiny frogs
  12 komodo dragons
  2 rime drakes
  A jumping spider (Lair:4)
  3 giant leeches
  2 trolls
  A queen bee (D:10)
  Grinder (D:4)
  Prince Ribbit (D:8)
  A boulder beetle (Lair:7)
  2 two-headed ogres
  29 blink frogs
  4 redbacks
  2 wyverns
  30 yaks
  2 basilisks
  A vampire (D:9)
  4 hungry ghosts
  13 hippogriffs
  9 vampire mosquitoes
  16 swamp worms
  25 porcupines
  Duvessa (D:5)
  13 water moccasins
  5 ice beasts
  12 orc warriors
  4 sky beasts
  3 slaves (D:6)
  4 black bears
  An eye of draining (D:11)
  9 ogres
  5 phantoms
  9 wolves
  2 centaurs
  5 crocodiles
  A big kobold (D:7)
  A wyvern zombie (D:6)
  47 giant frogs
  A water moccasin zombie (D:10)
  Dowan (D:5)
  2 scorpions
  26 killer bees
  5 wights (D:13)
  2 howler monkeys (D:9)
  11 electric eels
  2 giant frog zombies
  5 crimson imps
  2 quasits
  7 hounds
  9 orc priests
  3 jellies (D:8)
  2 giant frog skeletons
  6 iguanas
  16 orc wizards
  3 killer bee zombies
  9 worker ants
  21 sheep
  A hound skeleton (D:5)
  11 adders
  4 gnolls (D:8)
  A worker ant zombie (D:5)
  112 river rats
  A shadow imp (D:7)
  6 oozes
  2 adder zombies (D:7)
  An adder skeleton (D:4)
  13 worms
  4 dart slugs
  5 giant geckos
  63 orcs
  A ball python (D:7)
  4 giant cockroaches
  6 goblins
  5 hobgoblins
  5 jackals
  2 quokkas
  7 bats
  A giant cockroach zombie (D:6)
  2 giant newts
  2 jackal zombies
  6 kobolds
  A quokka skeleton (D:4)
  A quokka zombie (D:5)
  4 rats
  2 plants
742 creatures vanquished.

Vanquished Creatures (others)
  A black mamba (Lair:7)
  29 fungi
  26 plants
56 creatures vanquished.

Grand Total: 798 creatures vanquished

Notes
Turn   | Place    | Note
--------------------------------------------------------------
     0 | D:1      | Enish the Tengu Transmuter began the quest for the Orb.
     0 | D:1      | Reached XP level 1. HP: 12/12 MP: 4/4
   193 | D:1      | Reached XP level 2. HP: 12/16 MP: 6/6
   620 | D:1      | Reached XP level 3. HP: 16/20 MP: 5/7
  1316 | D:2      | Found a blossoming altar of Fedhas.
  1332 | D:2      | Reached skill level 5 in Unarmed Combat
  1874 | D:3      | Reached skill level 1 in Shields
  1874 | D:3      | Reached XP level 4. HP: 25/25 MP: 6/8
  2036 | D:3      | Learned a level 2 spell: Confusing Touch
  2120 | D:4      | Noticed Grinder
  2190 | D:4      | Learned a level 2 spell: Sticks to Snakes
  2269 | D:4      | Paralysed by Grinder for 7 turns
  2283 | D:4      | Paralysed by Grinder for 5 turns
  2295 | D:4      | HP: 1/25 [Grinder (5)]
  2296 | D:4      | Killed Grinder
  2296 | D:4      | Gained mutation: You can fly. [Tengu growth]
  2296 | D:4      | Reached XP level 5. HP: 1/29 MP: 9/9
  2296 | D:4      | Reached XP level 6. HP: 1/34 MP: 10/10
  2842 | D:4      | Gained mutation: You have an increased reservoir of magic (+10% MP). [potion of mutation]
  2842 | D:4      | Gained mutation: Scrolls take you a little longer to read. [potion of mutation]
  2842 | D:4      | Gained mutation: You are partially covered in rough black scales (AC +4, Dex -1). [potion of mutation]
  3360 | D:4      | Reached XP level 7. HP: 38/38 MP: 9/12
  3393 | D:5      | Entered Level 5 of the Dungeon
  3417 | D:5      | Reached skill level 1 in Maces & Flails
  3891 | D:5      | Noticed Duvessa
  3891 | D:5      | Noticed Dowan
  3900 | D:5      | Killed Duvessa
  3905 | D:5      | Killed Dowan
  3905 | D:5      | Reached skill level 5 in Maces & Flails
  3949 | D:5      | Found a staircase to the Ecumenical Temple.
  3959 | Temple   | Entered the Ecumenical Temple
  3995 | Temple   | Became a worshipper of Gozag Ym Sagoz the Greedy
  4076 | D:5      | Reached XP level 8. HP: 40/43 MP: 11/13
  4227 | D:5      | Found a burning altar of Makhleb.
  4760 | D:7      | Found a shimmering altar of Xom.
  4804 | D:7      | Found a shimmering altar of Xom.
  4818 | D:7      | Found a shimmering altar of Xom.
  4832 | D:7      | Found a shimmering altar of Xom.
  4832 | D:7      | Found a shimmering altar of Xom.
  5083 | D:6      | Noticed Pikel
  5633 | D:7      | Reached XP level 9. HP: 47/47 MP: 11/14
  5649 | D:7      | Identified a scroll of acquirement
  5651 | D:7      | Got an encrusted plate armour
  5654 | D:7      | Identified the +1 plate armour of the Swan {Int+2} (You acquired it on level 7 of the Dungeon)
  5672 | D:7      | Found a glowing golden altar of the Shining One.
  5958 | D:7      | Reached skill level 10 in Maces & Flails
  6672 | D:6      | Killed Pikel
  6848 | D:8      | Noticed a hill giant
  6961 | D:8      | Noticed Prince Ribbit
  6987 | D:8      | Killed Prince Ribbit
  6987 | D:8      | Reached skill level 4 in Dodging
  7182 | D:8      | Reached skill level 5 in Dodging
  7182 | D:8      | Reached XP level 10. HP: 52/52 MP: 15/15
  7627 | D:8      | Reached skill level 6 in Dodging
  7666 | D:8      | Bought a glowing whip for 75 gold pieces
  7666 | D:8      | Bought a runed whip for 75 gold pieces
  7817 | D:8      | Killed a hill giant
  7817 | D:8      | Reached skill level 7 in Dodging
  8355 | D:8      | Reached skill level 8 in Dodging
  8811 | D:9      | Found a staircase to the Orcish Mines.
  8895 | D:9      | Reached skill level 9 in Dodging
  9202 | D:9      | Found a staircase to the Lair.
  9209 | D:9      | Noticed Erolcha
  9586 | D:9      | Killed Erolcha
  9586 | D:9      | Reached skill level 10 in Dodging
  9596 | D:9      | Gained mutation: You are somewhat resistant to further mutation. [potion of beneficial mutation]
  9649 | D:9      | Reached XP level 11. HP: 54/56 MP: 16/16
  9798 | D:9      | Reached skill level 11 in Dodging
 10161 | Lair:1   | Entered Level 1 of the Lair of Beasts
 10164 | Lair:1   | Noticed Gottschkopf's ghost (journeyman DrTm)
 10186 | D:10     | Entered Level 10 of the Dungeon
 10458 | D:10     | Bought a +4 hunting sling of velocity for 314 gold pieces
 10945 | D:10     | Reached skill level 12 in Dodging
 11071 | D:10     | Noticed Kiel97's ghost (novice HuMo)
 11145 | D:10     | Noticed an unseen horror
 11160 | D:10     | Killed an unseen horror
 12461 | D:12     | Reached skill level 1 in Slings
 12474 | D:12     | Noticed a vault guard
 12706 | D:12     | Noticed an unseen horror
 12735 | D:12     | Killed an unseen horror
 12855 | D:12     | Found a portal to a secret trove of treasure.
 12988 | D:12     | Reached skill level 5 in Fighting
 13592 | D:11     | Found a glowing golden altar of the Shining One.
 13593 | D:11     | Found a runed door.
 13593 | D:11     | Noticed an angel
 13877 | D:11     | Reached XP level 12. HP: 54/68 MP: 17/17
 14321 | Lair:1   | Noticed Harold
 14353 | Lair:1   | Killed Harold
 14353 | Lair:1   | Reached skill level 5 in Slings
 17240 | Lair:3   | Noticed Snorg
 17379 | Lair:3   | Noticed Urug
 17700 | Lair:4   | Found a hole to the Spider Nest.
 17729 | Lair:4   | Noticed a four-headed hydra
 18200 | Lair:3   | Noticed a seven-headed hydra
 18244 | Lair:3   | Bought an ominously black robe for 182 gold pieces
 18256 | Lair:3   | Identified the +1 robe of Sorcery {-Tele Int+4} (You bought it in a shop on level 3 of the Lair of Beasts)
 18599 | Lair:2   | Reached skill level 13 in Dodging
 19036 | Lair:4   | Killed a one-headed hydra
 19894 | Lair:4   | Reached skill level 14 in Dodging
 20003 | Lair:3   | Bought a pair of scorched gloves for 304 gold pieces
 20013 | Lair:3   | Identified the +0 pair of gloves "Beyrail" {rF+ Str+2} (You bought it in a shop on level 3 of the Lair of Beasts)
 20678 | Lair:4   | Reached XP level 13. HP: 68/76 MP: 20/20
 21296 | Lair:3   | Bought a slimy scale mail for 288 gold pieces
 21306 | Lair:3   | Identified the +6 scale mail "Syppiele" {MR- Int+5} (You bought it in a shop on level 3 of the Lair of Beasts)
 21364 | Lair:4   | Found a staircase to the Swamp.
 21512 | Lair:4   | Reached skill level 1 in Armour
 22257 | Lair:6   | Reached skill level 5 in Armour
 23970 | Lair:7   | Noticed Maud
 23974 | Lair:7   | Lost mutation: You are partially covered in rough black scales (AC +4, Dex -1). [potion of cure mutation]
 23974 | Lair:7   | Lost mutation: You have an increased reservoir of magic (+10% MP). [potion of cure mutation]
 23983 | Lair:7   | HP: 2/76 [Maud/enchanted war axe (24)]
 24002 | Lair:6   | Lost mutation: Scrolls take you a little longer to read. [potion of cure mutation]
 24002 | Lair:6   | Lost mutation: You are somewhat resistant to further mutation. [potion of cure mutation]
 24458 | Lair:6   | Gained mutation: You are agile. (Dex +2) [potion of mutation]
 24458 | Lair:6   | Gained mutation: You can translocate small distances at will. [potion of mutation]
 24458 | Lair:6   | Gained mutation: You are partially covered in rough black scales (AC +4, Dex -1). [potion of mutation]
 24538 | Lair:8   | Entered Level 8 of the Lair of Beasts
 25783 | Lair:1   | Reached skill level 10 in Armour
 26067 | D:10     | Killed Kiel97's ghost
 26509 | Orc:1    | Entered Level 1 of the Orcish Mines
 26527 | Orc:1    | Bought the +0 cloak of Temmal {Dex+4} for 338 gold pieces
 26627 | Orc:1    | Found Deelenol's General Store.
 26638 | Orc:1    | Bought a scroll of brand weapon for 300 gold pieces
 26785 | Orc:2    | Entered Level 2 of the Orcish Mines
 26848 | Orc:2    | Reached skill level 15 in Dodging
 27006 | Orc:2    | Found Hefua's Weapon Boutique.
 27093 | Orc:2    | Found a staircase to the Elven Halls.
 27114 | Orc:2    | Found Uvael's Book Boutique.
 27135 | Orc:2    | Found a roughly hewn altar of Beogh.
 27168 | Orc:1    | Bought the cursed +1 leather armour of Sygguxt {Dex+4} for 329 gold pieces
 27446 | Orc:2    | Noticed Donald
 27754 | Lair:1   | Gained mutation: You can fly continuously. [Tengu growth]
 27754 | Lair:1   | Reached XP level 14. HP: 82/82 MP: 19/19
 28233 | Lair:3   | Killed Snorg
 28747 | Lair:3   | Killed Urug
 28916 | Lair:3   | Reached skill level 16 in Dodging
 29929 | Lair:7   | Killed Maud
 30451 | Lair:7   | Found a viscous altar of Jiyva.
 30452 | Lair:7   | Found a staircase to the Slime Pits.
 30846 | Lair:8   | Reached skill level 17 in Dodging
 33051 | Orc:1    | Bought the ring of Moodiness {EV+4 Int+2} for 660 gold pieces
 33132 | Orc:2    | Killed Donald
 33132 | Orc:2    | Reached XP level 15. HP: 60/90 MP: 16/20
 33310 | Orc:2    | Noticed an orc warlord
 33684 | Orc:1    | Paralysed by an orc sorcerer for 7 turns
 33690 | Orc:1    | HP: 3/91 [red devil/trident[an orc warlord] (5)]
 33690 | Orc:1    | HP: 1/91 [orc warlord/battleaxe (2)]
 33691 | Orc:1    | Slain by a red devil

Skill      XL: |  1  2  3  4  5  6  7  8  9 10 11 12 13 14 |
---------------+-------------------------------------------+-----
Unarmed Combat | 4 5 6 |  6.1
Shields        | 1 3 4 |  4.1
Hexes          | 2 |  2.5
Maces & Flails | 5 9 12 | 12.0
Dodging        | 5 10 12 14 15 17 | 17.6
Slings         | 3 6 |  6.0
Fighting       | 5 7 9 |  9.4
Spellcasting   | 3 |  3.0
Armour         | 10 | 10.5
Transmutations | |  1.5

Action                   |  1- 3 |  4- 6 |  7- 9 | 10-12 | 13-15 || total
-------------------------+-------+-------+-------+-------+-------++-------
Melee: Unarmed           |    90 |    87 |   125 |   289 |    77 ||   668
       Peck              |     9 |    17 |    79 |   282 |   519 ||   906
       Kick              |    23 |    22 |   123 |   438 |   751 ||  1357
       Punch             |     1 |       |       |       |       ||     1
       Headbutt          |     2 |     8 |    31 |    22 |    43 ||   106
       Whip              |       |       |   341 |  1145 |  1838 ||  3324
       War axe           |       |       |       |    22 |    18 ||    40
 Fire: Hunting sling     |       |       |       |    62 |    22 ||    84
       Blowgun           |       |       |       |    41 |    89 ||   130
Throw: Javelin           |       |       |       |       |     1 ||     1
       Throwing net      |       |       |       |       |     1 ||     1
 Cast: Beastly Appendage |     7 |    12 |    15 |    15 |    11 ||    60
       Confusing Touch   |       |    10 |    22 |    96 |    37 ||   165
Invok: Call Merchant     |       |       |       |     3 |     2 ||     5
       Potion Petition   |       |       |       |     2 |       ||     2
 Abil: Fly               |       |       |       |     3 |     6 ||     9
Evoke: Wand              |       |       |       |     7 |    21 ||    28
  Use: Potion            |       |     6 |     2 |     9 |     5 ||    22
       Scroll            |       |     4 |    15 |    25 |     2 ||    46
 Stab: Sleeping          |       |     1 |     1 |     3 |       ||     5
       Confused          |       |     5 |    19 |    64 |    25 ||   113
       Distracted        |       |       |     1 |     2 |    14 ||    17
       Invisible         |       |       |       |    12 |     2 ||    14
       Held in net/web   |       |       |       |       |     6 ||     6
  Eat: Chunk             |     3 |     4 |     4 |       |       ||    11
       Pizza             |       |     1 |     2 |       |       ||     3
       Royal jelly       |       |       |     1 |    12 |     1 ||    14
       Meat ration       |       |       |     1 |     6 |     2 ||     9
       Fruit             |       |       |     1 |     3 |       ||     4
       Beef jerky        |       |       |       |     1 |     1 ||     2
       Bread ration      |       |       |       |       |     7 ||     7
Armor: Robe              |    21 |    11 |    59 |       |       ||    91
       Leather armour    |       |       |     9 |   180 |    39 ||   228
       Scale mail        |       |       |       |       |   125 ||   125
       Skin              |       |       |       |       |     1 ||     1
Dodge: Dodged            |    51 |    22 |   132 |   662 |   830 ||  1697
Block: Buckler           |    24 |    15 |    81 |   342 |   446 ||   908
